 Dungeon Crawl Stone Soup version 0.23.2-30-g0e89c35649 (webtiles) character file.

Game seed: 227360415296735574

103181 Matador8 the Basher (level 15, -5/128 HPs)
             Began as a Purple Draconian Conjurer on June 20, 2019.
             Was an Initiate of Gozag.
             Slain by a spark wasp (12 damage)
             ... on level 3 of the Spider Nest on June 21, 2019.
             The game lasted 05:13:01 (45070 turns).

Matador8 the Basher (Purple Draconian Conjurer)    Turns: 45070, Time: 05:13:01

Health: -5/128     AC: 13    Str: 15    XL:     15   Next: 88%
Magic:  24/30      EV: 23    Int: 24    God:    Gozag
Gold:   1341       SH:  0    Dex: 16    Spells: 4/37 levels left

rFire    + + .     SeeInvis .   f - +2 demon whip (venom)
rCold    . . .     Gourm    .   (no shield)
rNeg     . . .     Faith    .   (armour unavailable)
rPois    +         Spirit   .   (helmet restricted)
rElec    .         Reflect  .   t - +0 cloak
rCorr    .         Harm     .   y - +0 pair of gloves
MR       ++...                  o - +1 pair of boots
Stlth    +++++.....             (no amulet)
HPRegen  0.31/turn              H - ring of wizardry
MPRegen  0.22/turn              s - ring of Moderation {rPois rF++ Str+3 Int+3 Slay-2}

@: agile, hasted, very quick
A: breathe power, unfitting armour, cold-blooded, AC +9
a: Breathe Dispelling Energy, Potion Petition, Call Merchant, Bribe Branch,
Renounce Religion


You were on level 3 of the Spider Nest.
You worshipped Gozag.
Gozag was most pleased with you.
You were not hungry.

You visited 5 branches of the dungeon, and saw 27 of its levels.

You collected 8733 gold pieces.
You spent 1215 gold pieces at shops.
You paid 6177 gold pieces to Gozag.

Inventory:

Hand Weapons
 f - a +2 demon whip of venom (weapon)
Missiles
 p - 188 sling bullets
Armour
 o - a +1 pair of boots (worn)
 q - a cursed -2 buckler
 t - a +0 cloak (worn)
 y - a +0 pair of gloves (worn)
Jewellery
 h - an uncursed ring of positive energy
 l - an uncursed ring of protection from magic
 s - the ring of Moderation (right hand) {rPois rF++ Str+3 Int+3 Slay-2}
   (You took it off a kobold demonologist on level 11 of the Dungeon)

   [ring of strength]

   It affects your strength (+3).
   It affects your intelligence (+3).
   It affects your accuracy and damage with ranged weapons and melee attacks
   (-2).
   It greatly protects you from fire.
   It protects you from poison.
 x - a +3 ring of evasion
 H - a ring of wizardry (left hand)
 N - an uncursed ring of protection from cold
 R - an uncursed amulet of the acrobat
Wands
 i - a wand of flame (24)
 k - a wand of iceblast (8)
 v - a wand of random effects (12)
 w - a wand of paralysis (23)
 O - a wand of acid (17)
Scrolls
 c - 4 scrolls of blinking
 g - 3 scrolls of fear
 m - 7 scrolls of remove curse
 u - a scroll of magic mapping
 z - a scroll of acquirement {unknown}
 D - 2 scrolls of holy word {unknown}
 G - 3 scrolls of fog {unknown}
 J - 2 scrolls of enchant weapon
 K - 3 scrolls of random uselessness {unknown}
 L - a scroll of teleportation
 M - 2 scrolls of vulnerability {unknown}
 P - 2 scrolls of noise {unknown}
 S - 3 scrolls of torment {unknown}
 X - a scroll of silence {unknown}
Potions
 a - 2 potions of curing
 d - 6 potions of brilliance
 e - 3 potions of resistance
 j - 2 potions of agility
 n - 2 potions of haste
 r - 2 potions of mutation {unknown}
 A - 2 potions of might {unknown}
 B - 6 potions of lignification
 C - a potion of ambrosia
 F - 2 potions of invisibility
 I - a potion of berserk rage
 V - a potion of magic {unknown}
Miscellaneous
 E - a fan of gales
Comestibles
 b - 12 rations


   Skills:
 - Level 10.4 Fighting
 - Level 12.0 Maces & Flails
 - Level 9.0 Dodging
 - Level 7.9 Stealth
 + Level 11.9 Spellcasting
 - Level 11.2 Conjurations
 - Level 9.6 Hexes
 - Level 5.2 Charms
 + Level 5.4 Necromancy
 - Level 7.5 Ice Magic
 - Level 7.0 Air Magic
 - Level 4.2 Evocations


You had 4 spell levels left.
You knew the following spells:

 Your Spells              Type           Power        Failure   Level  Hunger
a - Magic Dart            Conj           ####         1%          1    None
b - Dazzling Spray        Conj/Hex       ######       1%          3    None
c - Fulminant Prism       Conj/Hex       ######....   1%          4    None
d - Slow                  Hex            ######..     1%          2    None
e - Throw Icicle          Conj/Ice       ######..     1%          4    None
f - Ozocubu's Armour      Chrm/Ice       #####...     1%          3    None
g - Freezing Cloud        Conj/Ice/Air   ######....   9%          6    #####..
h - Regeneration          Chrm/Necr      #####.....   1%          3    None
i - Orb of Destruction    Conj           ######....   16%         7    ######.

Your spell library contained the following spells:

 Spells                   Type           Power        Failure   Level  Hunger
 Animate Skeleton         Necr           N/A          1%          1    None
 Apportation              Tloc           ##....       1%          1    None
 Confusing Touch          Hex            ######       1%          1    None
 Corona                   Hex            ######.      1%          1    None
 Freeze                   Ice            ####         1%          1    None
 Infusion                 Chrm           ####         1%          1    None
 Sandblast                Erth           ##....       1%          1    None
 Summon Small Mammal      Summ           ##..         1%          1    None
 Searing Ray              Conj           ######       1%          2    None
 Shroud of Golubria       Chrm/Tloc      ####......   1%          2    None
 Song of Slaying          Chrm           #####...     1%          2    None
 Throw Frost              Conj/Ice       ######       1%          2    None
 Inner Flame              Hex/Fire       #####...     1%          3    None
 Portal Projectile        Hex/Tloc       #####.       1%          3    None
 Spectral Weapon          Hex/Chrm       #####...     1%          3    None
 Summon Guardian Golem    Hex/Summ       #####...     1%          3    None
 Cause Fear               Hex            ######....   1%          4    None
 Force Lance              Conj/Tloc      #####...     1%          4    None
 Iskenderun's Mystic Bla  Conj           ######..     1%          4    None
 Call Imp                 Summ           ##......     2%          2    None
 Leda's Liquefaction      Hex/Erth       #####.....   2%          4    None
 Ice Form                 Ice/Tmut       ####....     4%          4    None
 Summon Ice Beast         Ice/Summ       ####....     4%          4    None
 Summon Lightning Spire   Summ/Air       ####....     4%          4    None
 Call Canine Familiar     Summ           ##......     5%          3    None
 Ignite Poison            Fire/Tmut/Pois ##......     5%          3    None
 Recall                   Summ/Tloc      N/A          5%          3    None
 Iskenderun's Battlesphe  Conj/Chrm      ######..     1%          5    ###....
 Metabolic Englaciation   Hex/Ice        ######....   1%          5    ###....
 Venom Bolt               Conj/Pois      #####.....   4%          5    ###....
 Dispel Undead            Necr           #####...     5%          5    ###....
 Excruciating Wounds      Chrm/Necr      #####.....   6%          5    ###....
 Bolt of Cold             Conj/Ice       ######....   6%          6    #####..
 Summon Mana Viper        Hex/Summ       #####...     7%          5    ###....
 Bolt of Magma            Conj/Fire/Erth ####......   11%         5    ###....
 Ozocubu's Refrigeration  Ice            ######....   12%         6    #####..
 Borgnjor's Vile Clutch   Necr/Erth      ####......   16%         5    ###....
 Simulacrum               Ice/Necr       #####.....   19%         6    #####..
 Iron Shot                Conj/Erth      #####.....   26%         6    #####..
 Aura of Abjuration       Summ           ##........   43%         5    ###....
 Summon Demon             Summ           ##........   43%         5    ###....
 Summon Forest            Summ/Tloc      ##........   43%         5    ###....
 Spellforged Servitor     Conj/Summ      #####.....   78%         7    ######.
 Shadow Creatures         Summ           N/A          92%         6    #####..
 Statue Form              Tmut/Erth      ##.......    92%         6    #####..


Dungeon Overview and Level Annotations

Branches:
Dungeon (15/15)            Temple (1/1) D:4            Lair (6/6) D:8
 Shoals (0/4) Lair:4       Spider (3/4) Lair:2        Slime (0/5) Lair:6
    Orc (2/2) D:9             Elf (0/3) Orc:2
 Vaults: D:13-14     Depths: D:15

Altars:
Ashenzari
Cheibriados
Dithmenos
Elyvilon
Fedhas
Gozag
Hepliaklqana
Kikubaaqudgha
Makhleb
Nemelex Xobeh
Okawaru
Qazlal
Ru
Sif Muna
Uskayaw
Vehumet
Wu Jian
Xom
Yredelemnul
Zin
The Shining One
Beogh
Jiyva

Shops:
D:8 }   D:12 !   Orc:2 }:([

Annotations:
D:2 Sigmund
D:4 2 transporters
D:6 2 runed translucent doors, zikan's ghost, novice MiBe
D:9 1 runed translucent door, Tramtrist's ghost, novice DDFi
D:11 exclusion: door
D:13 exclusion: 2 doors, Frances
D:15 Kirke
Lair:5 Rupert
Lair:6 exclusions: death yak and 1 more exclusion
Spider:1 exclusion: door
Spider:2 Arachne


Innate Abilities, Weirdness & Mutations

You can breathe bolts of dispelling energy.
Your rich purple scales are hard. (AC +9)
You cannot fit into any form of body armour.
You are cold-blooded and may be slowed by cold attacks.


Message History

The spark wasp is severely wounded.
You miss the spark wasp.
You tail-slap the spark wasp, but do no damage.
The spark wasp is severely wounded.
The spark wasp stings you!!
* * * LOW HITPOINT WARNING * * *
The spark wasp shocks you!
* * * LOW HITPOINT WARNING * * *
Okay, then. [a] - 280 gold - haste and brilliance [b] - 336 gold - haste and agility [c] - 350 gold - haste and brilliance Purchase which effect?
You feel yourself speed up.
You feel agile all of a sudden.
The spark wasp is no longer blind.
The spark wasp stings you!
* * * LOW HITPOINT WARNING * * *
The spark wasp shocks you!
You die...
Your body crumbles into a pile of gold.

##### ##.#.## ###
#.....###.###
##.....#.....#
#......#...).##
#.............##
#.........^....###
####......##.....##
##....##@......#...
#....##..y....<....
##...#.............
#....#....#.......#
#...###...######..##
..... .....# ##
#..#........#
####...##..## ##


You could see a spark wasp.

Vanquished Creatures
  An orc warlord (Orc:2)
  A stone giant (D:11)
  Snorg (Lair:6)
  An ettin (Orc:1)
  Josephine (D:14)
  6 hydras
  A death knight (D:10)
  A death yak (D:9)
  5 centaur warriors
  7 two-headed ogres
  A tengu warrior (D:11)
  An orc high priest (Orc:1)
  Urug (Lair:6)
  A fire crab (Lair:5)
  A skeletal warrior (D:11)
  4 unseen horrors
  A phantasmal warrior (D:10)
  A wolf spider zombie (D:15)
  A necromancer (D:15)
  16 wolf spiders
  A harpy (D:11)
  An orc knight (D:15)
  8 orb spiders
  3 cyclopes
  4 orc sorcerers
  An ugly thing (D:11)
  5 manticores
  A deep elf mage (D:11)
  A moth of wrath (shapeshifter) (D:13)
  Joseph (D:8)
  Maurice (D:13)
  2 naga magi (D:15)
  20 elephants
  A gargoyle (D:14)
  15 spiny frogs
  2 centaur zombies
  A black mamba (Lair:6)
  Psyche (D:10)
  A kobold demonologist (D:11)
  2 freezing wraiths (D:11)
  2 demonic crawlers (Lair:2)
  8 komodo dragons
  6 trolls
  19 jumping spiders
  A harpy skeleton (D:14)
  4 polar bears
  7 blink frogs
  8 hornets
  4 slime creatures
  A meliai zombie (D:15)
  17 hippogriffs
  2 shadows
  36 redbacks
  3 wraiths
  Eustachio (D:5)
  2 hogs (D:14)
  23 yaks
  15 tarantellas
  3 wyverns
  2 basilisks
  6 vampire mosquitoes
  7 hungry ghosts
  9 wargs
  2 soldier ants (D:8)
  2 acid dragons (D:15)
  8 porcupines
  10 water moccasins
  30 orc warriors
  6 ice beasts
  2 phantoms (D:8)
  6 sky beasts
  A necrophage (D:15)
  15 wolves
  9 centaurs
  17 ogres
  15 crocodiles
  2 big kobolds
  16 bullfrogs
  A gnoll sergeant (D:8)
  8 scorpions
  13 killer bees
  4 wights (D:12)
  5 howler monkeys
  An electric eel (Spider:2)
  7 crimson imps
  9 jellies
  A quasit (D:6)
  4 bullfrog zombies
  7 hounds
  Crazy Yiuf (D:3)
  5 centaur skeletons
  5 iguanas
  24 orc priests
  25 orc wizards
  3 bullfrog skeletons
  Ijyb (D:5)
  A hell rat (D:9)
  9 worker ants
  A hound zombie (D:11)
  2 hound skeletons
  A worker ant zombie (D:11)
  5 gnolls
  A howler monkey skeleton (D:8)
  7 adders
  A river rat (D:8)
  2 shadow imps
  4 oozes
  3 adder skeletons
  2 worms
  A dart slug (D:2)
  7 leopard geckos
  123 orcs
  A ball python (D:6)
  8 bats
  5 giant cockroaches
  10 goblins
  12 hobgoblins
  30 jackals
  13 quokkas
  5 frilled lizards
  16 kobolds
  2 leopard gecko skeletons
  A quokka skeleton (D:6)
  A quokka zombie (D:8)
  16 rats
  A fungus (Lair:6)
867 creatures vanquished.

Vanquished Creatures (others)
  A shadow (D:13)
  A yak (D:9)
  A water elemental (D:13)
  A human (D:6)
  A centaur (D:14)
  A bush (Lair:2)
  96 fulminant prisms
  10 fungi
  7 plants
119 creatures vanquished.

Grand Total: 986 creatures vanquished

Notes
Turn   | Place    | Note
-------+----------+-------------------------------------------
     0 | D:1      | Matador8 the Draconian Conjurer began the quest for the
                  | Orb.
     0 | D:1      | Reached XP level 1. HP: 14/14 MP: 3/3
   391 | D:1      | Reached XP level 2. HP: 20/20 MP: 0/5
  1003 | D:1      | Reached XP level 3. HP: 26/26 MP: 2/6
  1335 | D:2      | Learned a level 3 spell: Dazzling Spray
  1492 | D:2      | Reached skill level 5 in Conjurations
  1714 | D:2      | Reached skill level 1 in Maces & Flails
  1714 | D:2      | Reached XP level 4. HP: 26/33 MP: 4/7
  1876 | D:2      | Noticed Sigmund
  2136 | D:3      | Found a runed translucent door.
  2137 | D:3      | Noticed Crazy Yiuf
  2188 | D:3      | Reached skill level 1 in Hexes
  2313 | D:3      | Reached skill level 2 in Maces & Flails
  2735 | D:4      | Reached XP level 5. HP: 32/38 MP: 2/8
  2849 | D:4      | Found a staircase to the Ecumenical Temple.
  2860 | D:4      | Reached skill level 3 in Maces & Flails
  2863 | Temple   | Entered the Ecumenical Temple
  2920 | Temple   | Became a worshipper of Gozag Ym Sagoz the Greedy
  3005 | D:4      | Found a transporter.
  3094 | D:4      | Found a transporter.
  3098 | D:4      | Noticed a fire bat
  3098 | D:4      | Noticed a fire bat
  3412 | D:4      | Found a deep blue altar of Sif Muna.
  3581 | D:3      | Killed Crazy Yiuf
  3693 | D:5      | Entered Level 5 of the Dungeon
  3759 | D:5      | Noticed an ice beast
  3962 | D:5      | Reached XP level 6. HP: 42/45 MP: 9/9
  3996 | D:5      | Learned a level 4 spell: Fulminant Prism
  4041 | D:5      | Noticed Eustachio
  4087 | D:5      | Killed Eustachio
  4087 | D:5      | Reached skill level 4 in Maces & Flails
  4357 | D:5      | Noticed Ijyb
  4392 | D:5      | Killed Ijyb
  4532 | D:5      | Reached skill level 5 in Maces & Flails
  4799 | D:5      | Noticed an ice beast
  4847 | D:5      | Your scales start taking on a rich purple colour.
  4847 | D:5      | Reached XP level 7. HP: 37/50 MP: 8/11
  5066 | D:5      | Reached skill level 6 in Maces & Flails
  5380 | D:5      | Reached skill level 7 in Maces & Flails
  5741 | D:6      | Reached XP level 8. HP: 44/57 MP: 12/12
  5811 | D:6      | Reached skill level 8 in Maces & Flails
  5817 | D:6      | Found a runed translucent door.
  5817 | D:6      | Noticed zikan's ghost (novice MiBe)
  6073 | D:6      | Found an ancient bone altar of Kikubaaqudgha.
  6092 | D:6      | Found a runed translucent door.
  6409 | D:6      | Reached skill level 5 in Hexes
  7091 | D:7      | Reached skill level 9 in Maces & Flails
  7776 | D:8      | Reached XP level 9. HP: 38/62 MP: 1/13
  7878 | D:8      | Reached skill level 10 in Maces & Flails
  8068 | D:8      | Found Zuokuwk's Food Emporium.
  8102 | D:8      | Noticed a death yak
  8111 | D:8      | Noticed a death yak
  8112 | D:8      | Noticed a death yak
  8782 | D:8      | Reached skill level 11 in Maces & Flails
  9734 | D:9      | Reached skill level 12 in Maces & Flails
  9889 | D:9      | Reached skill level 1 in Fighting
  9902 | D:9      | Found a roughly hewn altar of Beogh.
  9910 | D:9      | Found a staircase to the Orcish Mines.
 10107 | D:9      | Found a runed translucent door.
 10109 | D:9      | Noticed Tramtrist's ghost (novice DDFi)
 10137 | D:9      | Reached XP level 10. HP: 68/73 MP: 11/14
 10978 | D:9      | Identified Tigausigg's Disquisition on Dusty Contamination
 11350 | D:8      | Bought a ration for 65 gold pieces
 11350 | D:8      | Bought a ration for 65 gold pieces
 11350 | D:8      | Bought a ration for 65 gold pieces
 11387 | D:8      | Found a staircase to the Lair.
 11399 | Lair:1   | Entered Level 1 of the Lair of Beasts
 11829 | Lair:1   | Noticed Joseph
 11832 | Lair:1   | Reached skill level 5 in Fighting
 12666 | D:9      | Noticed a two-headed ogre
 12696 | D:9      | Killed a two-headed ogre
 12696 | D:9      | Reached skill level 5 in Spellcasting
 12775 | D:9      | Reached skill level 5 in Dodging
 13462 | D:8      | Reached XP level 11. HP: 88/88 MP: 18/18
 13703 | D:10     | Entered Level 10 of the Dungeon
 14500 | D:10     | Noticed Psyche
 14507 | D:10     | Killed Psyche
 15018 | D:8      | Killed Joseph
 15145 | Lair:1   | Learned a level 2 spell: Slow
 16473 | Lair:2   | Noticed a four-headed hydra
 16482 | Lair:2   | Killed a four-headed hydra
 16571 | Lair:2   | Found a dark tunnel.
 16763 | Lair:2   | Noticed a four-headed hydra
 16843 | Lair:2   | Killed a four-headed hydra
 16843 | Lair:2   | Reached XP level 12. HP: 66/101 MP: 10/21
 17167 | Lair:2   | Found a hole to the Spider Nest.
 19070 | Lair:3   | Found a deep blue altar of Sif Muna.
 19448 | Lair:4   | Found a staircase to the Shoals.
 20312 | Lair:5   | Reached skill level 10 in Fighting
 21548 | Lair:5   | Noticed Rupert
 21548 | Lair:5   | Paralysed by Rupert for 4 turns
 21629 | Lair:6   | Entered Level 6 of the Lair of Beasts
 21678 | Lair:5   | Reached XP level 13. HP: 69/113 MP: 25/25
 22185 | Lair:6   | Learned a level 4 spell: Throw Icicle
 22245 | Lair:6   | Reached skill level 1 in Ice Magic
 22245 | Lair:6   | Reached skill level 1 in Evocations
 22297 | Lair:6   | Got an encrusted hunting sling
 22346 | Lair:6   | Noticed Urug
 22778 | Lair:6   | Got a smoking graven amulet
 22788 | Lair:5   | Identified the amulet of Balance {Spirit +Fly} (You found
                  | it on level 6 of the Lair of Beasts)
 23831 | Lair:6   | Noticed Snorg
 23954 | Lair:6   | Killed Snorg
 24155 | Lair:6   | Killed Urug
 24155 | Lair:6   | Reached skill level 5 in Ice Magic
 24429 | Lair:6   | Got a slimy arbalest
 24516 | Lair:6   | Found a staircase to the Slime Pits.
 24518 | Lair:6   | Found a viscous altar of Jiyva.
 24979 | D:8      | Learned a level 3 spell: Ozocubu's Armour
 25514 | D:11     | Found a burning altar of Makhleb.
 26314 | D:11     | You fall through a shaft for 3 floors!
 26944 | D:12     | Reached skill level 10 in Spellcasting
 27217 | D:12     | Found Xuodasia's Distillery.
 27222 | D:12     | Bought a potion of berserk rage for 65 gold pieces
 27222 | D:12     | Bought a potion of heal wounds for 65 gold pieces
 27917 | Orc:1    | Entered Level 1 of the Orcish Mines
 28240 | D:9      | Reached XP level 14. HP: 97/121 MP: 28/28
 29248 | Orc:2    | Entered Level 2 of the Orcish Mines
 29588 | Orc:1    | Learned a level 6 spell: Freezing Cloud
 29609 | Orc:2    | Found a roughly hewn altar of Beogh.
 29634 | Orc:2    | Reached skill level 5 in Stealth
 29760 | Orc:2    | Found a roughly hewn altar of Beogh.
 29811 | Orc:2    | Reached skill level 1 in Air Magic
 29831 | Orc:2    | Found a roughly hewn altar of Beogh.
 29863 | Orc:2    | Found Qathier's Gadget Shop.
 30066 | Orc:2    | Noticed an orc warlord
 30283 | Orc:2    | Found a roughly hewn altar of Beogh.
 30476 | Orc:2    | Found a staircase to the Elven Halls.
 30596 | Orc:2    | Found a roughly hewn altar of Beogh.
 30613 | Orc:2    | Found Finythynume's Book Emporium.
 30631 | Orc:2    | Bought a book of Power for 630 gold pieces
 30833 | Orc:2    | Killed an orc warlord
 31030 | Orc:2    | Found Kavvuocas's Antique Armour Emporium.
 31032 | Orc:2    | Found a roughly hewn altar of Beogh.
 31035 | Orc:2    | Found Soickiej's Antique Weapon Shoppe.
 31210 | D:8      | Bought a ration for 65 gold pieces
 31210 | D:8      | Bought a ration for 65 gold pieces
 31210 | D:8      | Bought a ration for 65 gold pieces
 31210 | D:8      | Bought a ration for 65 gold pieces
 32575 | D:11     | Noticed a stone giant
 32976 | D:11     | Identified the ring of Moderation {rPois rF++ Str+3 Int+3
                  | Slay-2}
 33048 | D:11     | Identified the Papyrus of Sinister Arts and Execration
 33091 | D:11     | Reached skill level 5 in Air Magic
 33253 | D:11     | Noticed an entropy weaver
 33286 | D:11     | Killed a stone giant
 33408 | D:13     | Noticed Maurice
 33417 | D:13     | Killed Maurice
 33884 | D:13     | Noticed Frances
 34134 | D:13     | Reached skill level 10 in Conjurations
 34928 | D:14     | You fall through a shaft!
 34928 | D:15     | Entered Level 15 of the Dungeon
 35547 | D:14     | Noticed Josephine
 35938 | D:14     | Killed Josephine
 36152 | D:15     | Reached XP level 15. HP: 55/126 MP: 23/30
 36528 | D:15     | Found an opulent altar of Gozag.
 37979 | D:15     | Noticed Kirke
 38445 | Spider:1 | Entered Level 1 of the Spider Nest
 40437 | Spider:1 | Learned a level 3 spell: Regeneration
 40617 | Spider:1 | Reached skill level 1 in Charms
 40670 | Spider:1 | Reached skill level 1 in Necromancy
 41564 | Spider:2 | Noticed Arachne
 43395 | Spider:2 | Reached skill level 5 in Charms
 43640 | Spider:2 | Learned a level 7 spell: Orb of Destruction
 43800 | Spider:2 | Reached skill level 5 in Necromancy
 45070 | Spider:3 | Slain by a spark wasp

Skill      XL: |  1  2  3  4  5  6  7  8  9 10 11 12 13 14 15 |
---------------+----------------------------------------------+-----
Conjurations   | 5 6 7 9 10 11 | 11.2
Maces & Flails | 1 2 3 5 7 9 12 | 12.0
Hexes          | 1 2 3 6 9 |  9.6
Spellcasting   | 3 5 6 8 10 11 | 11.9
Dodging        | 2 5 6 7 8 9 |  9.0
Fighting       | 1 5 7 10 | 10.4
Ice Magic      | 7 |  7.5
Evocations     | 4 |  4.2
Stealth        | 3 7 |  7.9
Air Magic      | 5 7 |  7.0
Charms         | 5 |  5.2
Necromancy     | 5 |  5.4

Action                   |  1- 3 |  4- 6 |  7- 9 | 10-12 | 13-15 || total
-------------------------+-------+-------+-------+-------+-------++-------
Melee: Unarmed           |    80 |       |       |       |       ||    80
       Tailslap          |    11 |    15 |    51 |   128 |   251 ||   456
       Whip              |    33 |   169 |   552 |    82 |       ||   836
       Demon whip        |       |       |       |   846 |  2126 ||  2972
 Cast: Magic Dart        |    67 |    37 |   142 |    43 |    72 ||   361
       Dazzling Spray    |       |     8 |    50 |    65 |   147 ||   270
       Fulminant Prism   |       |       |     1 |    21 |    74 ||    96
       Slow              |       |       |       |    40 |    52 ||    92
       Throw Icicle      |       |       |       |       |    34 ||    34
       Ozocubu's Armour  |       |       |       |       |     1 ||     1
       Regeneration      |       |       |       |       |     1 ||     1
Invok: Potion Petition   |       |     1 |     1 |     3 |     9 ||    14
       Call Merchant     |       |       |       |       |     1 ||     1
 Abil: Breathe Dispellin |       |       |     1 |       |       ||     1
Evoke: Fan of gales      |       |       |       |       |     1 ||     1
  Use: Scroll            |       |     3 |       |     6 |    20 ||    29
       Potion            |       |       |     1 |     3 |    17 ||    21
 Stab: Sleeping          |       |     1 |     2 |     1 |     6 ||    10
       Invisible         |       |     1 |    18 |    19 |    42 ||    80
       Distracted        |       |       |     2 |     1 |    12 ||    15
  Eat: Chunk             |     3 |     3 |       |       |       ||     6
       Ration            |       |     3 |     9 |    13 |    24 ||    49
Armor: Skin              |    46 |    57 |   163 |   160 |   476 ||   902
Dodge: Dodged            |    99 |   139 |   324 |   541 |  1609 ||  2712
